| TOP OF THE 1ST |
|
Texas Rangers batting - Pitching for Boston Red Sox : RHP J.J. Dean
|
|
Pitching: RHP J.J. Dean
|
|
|
Batting: LHB Sean Geisler
|
0-0: Called Strike 0-1: Foul Ball, location: 2F 0-2: Ball 1-2: Hit by Pitch
|
|
Batting: RHB Butch Kaiser
|
0-0: Ball 1-0: Ball 2-0: Called Strike 2-1: DOUBLE (Line Drive, 89D, EV 108.1 MPH) Sean Geisler to third Runner from 3rd tries for Home, SAFE, throw by RF to trailing runner, SAFE at third!
|
|
Batting: SHB John Giesbrecht
|
0-0: Swinging Strike 0-1: Called Strike 0-2: Ball 1-2: Ball 2-2: Ball 3-2: Foul Ball, location: 2F 3-2: Foul Ball, location: 2F 3-2: SINGLE (Groundball, 6D, EV 105.0 MPH) Butch Kaiser scores
|
|
Batting: SHB Addick de Vries
|
0-0: Called Strike 0-1: Called Strike 0-2: Ball 1-2: Grounds into double play, 4-6-3 (Groundball, 4, EV 106.2 MPH)
|
|
Batting: LHB Andy Bowman
|
0-0: Ground out 6-3 (Groundball, 56, EV 81.2 MPH)
|
| Top of the 1st over - 2 runs, 2 hits, 0 errors, 0 left on base; Texas 2 - Boston 0 |
| BOTTOM OF THE 1ST |
|
Boston Red Sox batting - Pitching for Texas Rangers : RHP Kelly Goosecock
|
|
Pitching: RHP Kelly Goosecock
|
|
|
Batting: RHB Alois Wollf
|
0-0: Fly out, F8 (Flyball, 78D, EV 86.9 MPH)
|
|
Batting: LHB Shoichi Aso
|
0-0: Ball 1-0: Called Strike 1-1: Ball 2-1: Called Strike 2-2: Foul Ball, location: 2F 2-2: DOUBLE (Line Drive, 78M, EV 93.8 MPH)
|
|
Batting: LHB Jarrett Mordecai
|
0-0: Swinging Strike 0-1: Ball 1-1: Fly out, F9 (Line Drive, 89M, EV 86.2 MPH)
|
|
Batting: RHB David Price Jr.
|
0-0: Ball Wild Pitch! Shoichi Aso to third 1-0: Ball 2-0: Ball 3-0: Called Strike 3-1: Hit by Pitch
|
|
Batting: RHB Nick Esteves
|
0-0: Ball Pickoff Throw to First - Out! 1-3
|
| Bottom of the 1st over - 0 runs, 1 hit, 0 errors, 1 left on base; Texas 2 - Boston 0 |
| TOP OF THE 2ND |
|
Texas Rangers batting - Pitching for Boston Red Sox : RHP J.J. Dean
|
|
Batting: RHB Blake Ballard
|
0-0: Ball 1-0: Called Strike 1-1: Foul Ball, location: 2F 1-2: Ball 2-2: Foul Ball, location: 2F 2-2: Foul Ball, location: 2F 2-2: Ball 3-2: Strikes out swinging
|
|
Batting: RHB Chad Thompson
|
0-0: Fly out, F9 (Line Drive, 89M, EV 101.9 MPH)
|
|
Batting: RHB Chris Torlak
|
0-0: Swinging Strike 0-1: Foul Ball, location: 2F 0-2: Foul Ball, location: 2F 0-2: Fly out, F7 (Flyball, 7D, EV 103.1 MPH)
|
| Top of the 2nd over - 0 runs, 0 hits, 0 errors, 0 left on base; Texas 2 - Boston 0 |
| BOTTOM OF THE 2ND |
|
Boston Red Sox batting - Pitching for Texas Rangers : RHP Kelly Goosecock
|
|
Batting: RHB Nick Esteves
|
0-0: Called Strike 0-1: Ball 1-1: Ball 2-1: SINGLE (Line Drive, 34D, EV 101.2 MPH)
|
|
Batting: SHB Marvin Lawrence
|
0-0: Ball 1-0: Called Strike 1-1: Ball 2-1: Ball 3-1: Grounds into double play, U6-3 (Groundball, 6MS, EV 85.0 MPH)
|
|
Batting: LHB Zack Guillen
|
0-0: Called Strike 0-1: Called Strike 0-2: DOUBLE (Flyball, 89D, EV 108.1 MPH)
|
|
Batting: SHB Willie Koviak
|
0-0: Ball 1-0: Ball 2-0: Fly out, F8 (Flyball, 8LD, EV 93.1 MPH)
|
| Bottom of the 2nd over - 0 runs, 2 hits, 0 errors, 1 left on base; Texas 2 - Boston 0 |
| TOP OF THE 3RD |
|
Texas Rangers batting - Pitching for Boston Red Sox : RHP J.J. Dean
|
|
Batting: SHB Alvare Bairro
|
0-0: Swinging Strike 0-1: Foul Ball, location: 2F 0-2: Ball 1-2: Ball 2-2: Foul Ball, location: 2F 2-2: Foul Ball, location: 2F 2-2: Ball 3-2: Base on Balls
|
|
Batting: LHB Sean Geisler
|
0-0: Ball 1-0: Swinging Strike 1-1: Ball 2-1: Ball Alvare Bairro steals 2nd base (no throw) 3-1: Foul Ball, location: 2F 3-2: Strikes out swinging
|
|
Batting: RHB Butch Kaiser
|
0-0: Called Strike 0-1: Ball 1-1: Ball 2-1: Foul Ball, location: 2F 2-2: Foul Ball, location: 2F 2-2: Foul Ball, location: 2F 2-2: SINGLE (Line Drive, 7S, EV 100.6 MPH) Alvare Bairro to third
|
|
Batting: SHB John Giesbrecht
|
0-0: Fly out, F7 (Line Drive, 7S, EV 97.5 MPH)
|
|
Batting: SHB Addick de Vries
|
0-0: Ball 1-0: SINGLE (Line Drive, 6M, EV 106.9 MPH) Alvare Bairro scores Butch Kaiser to second
|
|
Batting: LHB Andy Bowman
|
0-0: Ball 1-0: Called Strike 1-1: Fielders Choice at 2nd, 5-4 (Groundball, 5, EV 83.1 MPH)
|
| Top of the 3rd over - 1 run, 2 hits, 0 errors, 2 left on base; Texas 3 - Boston 0 |
| BOTTOM OF THE 3RD |
|
Boston Red Sox batting - Pitching for Texas Rangers : RHP Kelly Goosecock
|
|
Batting: LHB Tim Fuller
|
0-0: Ball 1-0: Called Strike 1-1: Fly out, F7 (Flyball, 78M, EV 86.2 MPH)
|
|
Batting: RHB Alois Wollf
|
0-0: Ball 1-0: Swinging Strike 1-1: Called Strike 1-2: Strikes out swinging
|
|
Batting: LHB Shoichi Aso
|
0-0: Ball 1-0: Ground out U3 (Groundball, 3S, EV 75.6 MPH)
|
| Bottom of the 3rd over - 0 runs, 0 hits, 0 errors, 0 left on base; Texas 3 - Boston 0 |
| TOP OF THE 4TH |
|
Texas Rangers batting - Pitching for Boston Red Sox : RHP J.J. Dean
|
|
Batting: RHB Blake Ballard
|
0-0: Called Strike 0-1: Ball 1-1: Foul Ball, location: 2F 1-2: SINGLE (Groundball, 6M, EV 88.1 MPH) (infield hit)
|
|
Batting: RHB Chad Thompson
|
0-0: Called Strike 0-1: Ball 1-1: Called Strike 1-2: Grounds into double play, 4-6-3 (Groundball, 34S, EV 88.8 MPH)
|
|
Batting: RHB Chris Torlak
|
0-0: Ball 1-0: SINGLE (Groundball, 6D, EV 97.5 MPH)
|
|
Batting: SHB Alvare Bairro
|
0-0: Ball 1-0: Called Strike 1-1: Fielders Choice at 2nd, U6 (Groundball, 6M, EV 78.1 MPH)
|
| Top of the 4th over - 0 runs, 2 hits, 0 errors, 1 left on base; Texas 3 - Boston 0 |
| BOTTOM OF THE 4TH |
|
Boston Red Sox batting - Pitching for Texas Rangers : RHP Kelly Goosecock
|
|
Batting: LHB Jarrett Mordecai
|
0-0: Called Strike 0-1: Foul Ball, location: 2F 0-2: Ball 1-2: Foul Ball, location: 2F 1-2: Strikes out swinging
|
|
Batting: RHB David Price Jr.
|
0-0: Ball 1-0: Ball 2-0: Ground out 4-3 (Groundball, 4, EV 84.4 MPH)
|
|
Batting: RHB Nick Esteves
|
0-0: Ball 1-0: Called Strike 1-1: Foul Ball, location: 2F 1-2: Strikes out swinging
|
| Bottom of the 4th over - 0 runs, 0 hits, 0 errors, 0 left on base; Texas 3 - Boston 0 |
| TOP OF THE 5TH |
|
Texas Rangers batting - Pitching for Boston Red Sox : RHP J.J. Dean
|
|
Batting: LHB Sean Geisler
|
0-0: Ball 1-0: DOUBLE (Groundball, 5L, EV 101.2 MPH)
|
|
Batting: RHB Butch Kaiser
|
0-0: Ball 1-0: Ball 2-0: SINGLE (Groundball, 4S, EV 66.9 MPH) (infield hit) Sean Geisler to third
|
|
Batting: SHB John Giesbrecht
|
0-0: Called Strike Butch Kaiser steals 2nd base 0-1: 3-RUN HOME RUN (Flyball, 7LD, EV 96.9 MPH), Distance : 345 ft
|
|
Pitching: RHP Jon Mercado
|
|
|
Batting: SHB Addick de Vries
|
0-0: Ball 1-0: Called Strike 1-1: Ball 2-1: Ball 3-1: Ground out U3 (Groundball, 3, EV 105.0 MPH)
|
|
Batting: LHB Andy Bowman
|
0-0: Foul Ball, location: 2F 0-1: Ball 1-1: Ground out 4-3 (Groundball, 4M, EV 101.2 MPH)
|
|
Batting: RHB Blake Ballard
|
0-0: Ball 1-0: Called Strike 1-1: Foul Ball, location: 2F 1-2: Ball 2-2: Ball 3-2: Foul Ball, location: 2F 3-2: Ground out U3 (Groundball, 23, EV 81.2 MPH)
|
| Top of the 5th over - 3 runs, 3 hits, 0 errors, 0 left on base; Texas 6 - Boston 0 |
| BOTTOM OF THE 5TH |
|
Boston Red Sox batting - Pitching for Texas Rangers : RHP Kelly Goosecock
|
|
Batting: SHB Marvin Lawrence
|
0-0: Called Strike 0-1: Called Strike 0-2: Ball 1-2: Strikes out swinging
|
|
Batting: LHB Zack Guillen
|
0-0: Called Strike 0-1: Ball 1-1: Ball 2-1: Swinging Strike 2-2: Ball 3-2: Base on Balls
|
|
Batting: SHB Willie Koviak
|
0-0: Swinging Strike 0-1: 2-RUN HOME RUN (Flyball, 78XD, EV 108.8 MPH), Distance : 411 ft
|
|
Batting: LHB Tim Fuller
|
0-0: Called Strike 0-1: Fly out, F8 (Flyball, 78D, EV 100.0 MPH)
|
|
Batting: RHB Alois Wollf
|
0-0: Called Strike 0-1: Ball 1-1: Ground out 6-3 (Groundball, 6, EV 88.8 MPH)
|
| Bottom of the 5th over - 2 runs, 1 hit, 0 errors, 0 left on base; Texas 6 - Boston 2 |
| TOP OF THE 6TH |
|
Texas Rangers batting - Pitching for Boston Red Sox : RHP Jon Mercado
|
|
Batting: RHB Chad Thompson
|
0-0: Swinging Strike 0-1: Swinging Strike 0-2: Ball 1-2: Strikes out swinging
|
|
Batting: RHB Chris Torlak
|
0-0: Called Strike 0-1: Ball 1-1: Swinging Strike 1-2: Strikes out swinging
|
|
Batting: SHB Alvare Bairro
|
0-0: Ball 1-0: Called Strike 1-1: Foul Ball, location: 2F 1-2: Foul Ball, location: 2F 1-2: Strikes out swinging
|
| Top of the 6th over - 0 runs, 0 hits, 0 errors, 0 left on base; Texas 6 - Boston 2 |
| BOTTOM OF THE 6TH |
|
Boston Red Sox batting - Pitching for Texas Rangers : RHP Kelly Goosecock
|
|
Batting: LHB Shoichi Aso
|
0-0: Fly out, F7 (Flyball, 7S, EV 87.5 MPH)
|
|
Batting: LHB Jarrett Mordecai
|
0-0: Called Strike 0-1: Foul Ball, location: 2F 0-2: Strikes out looking
|
|
Batting: RHB David Price Jr.
|
0-0: Ball 1-0: Foul Ball, location: 2F 1-1: SINGLE (Groundball, 6S, EV 70.6 MPH) (infield hit)
|
|
Batting: RHB Nick Esteves
|
0-0: Called Strike 0-1: Ball 1-1: Ball 2-1: DOUBLE (Line Drive, 7LD, EV 101.9 MPH) David Price Jr. to third Runner from 3rd tries for Home, SAFE, throw by LF to home
|
|
Batting: SHB Marvin Lawrence
|
0-0: Foul Ball, location: 2F 0-1: Foul Ball, location: 2F 0-2: Ball 1-2: Foul Ball, location: 2F 1-2: Hit by Pitch
|
|
Batting: LHB Zack Guillen
|
0-0: Foul Ball, location: 2F 0-1: Ball 1-1: Ball 2-1: Ball 3-1: Ground out U3 (Groundball, 3, EV 85.0 MPH)
|
| Bottom of the 6th over - 1 run, 2 hits, 0 errors, 2 left on base; Texas 6 - Boston 3 |
| TOP OF THE 7TH |
|
Texas Rangers batting - Pitching for Boston Red Sox : RHP Jon Mercado
|
|
Pitching: LHP Danny Schneible
|
|
|
Batting: LHB Sean Geisler
|
0-0: Called Strike 0-1: Called Strike 0-2: Ball 1-2: Strikes out swinging
|
|
Batting: RHB Butch Kaiser
|
0-0: Ground out 6-3 (Groundball, 6, EV 101.2 MPH)
|
|
Batting: SHB John Giesbrecht
|
0-0: Foul Ball, location: 2F 0-1: Swinging Strike 0-2: Foul Ball, location: 2F 0-2: Ball 1-2: Ball 2-2: Ball 3-2: SINGLE (Line Drive, 8LS, EV 88.1 MPH)
|
|
Batting: SHB Addick de Vries
|
0-0: Ball 1-0: Foul Ball, location: 2F 1-1: Ball 2-1: SINGLE (Line Drive, 3D, EV 96.9 MPH) John Giesbrecht to second Runner from 2nd tries for 3rd, SAFE, throw by RF made to third
|
|
Batting: LHB Andy Bowman
|
0-0: Ball 1-0: Ball 2-0: Ball 3-0: Called Strike 3-1: SINGLE (Flyball, 7S, EV 91.9 MPH) John Giesbrecht scores Addick de Vries to second Runner from 2nd tries for 3rd, OUT! 7-5
|
| Top of the 7th over - 1 run, 3 hits, 0 errors, 1 left on base; Texas 7 - Boston 3 |
| BOTTOM OF THE 7TH |
|
Boston Red Sox batting - Pitching for Texas Rangers : RHP Kelly Goosecock
|
|
Batting: SHB Willie Koviak
|
0-0: Called Strike 0-1: Ground out 4-3 (Groundball, 34, EV 106.2 MPH)
|
|
Batting: LHB Tim Fuller
|
0-0: Foul Ball, location: 2F 0-1: Ball 1-1: Swinging Strike 1-2: Ground out 6-3 (Groundball, 56D, EV 87.5 MPH)
|
|
Batting: RHB Alois Wollf
|
0-0: Called Strike 0-1: Ball 1-1: Fly out, F9 (Line Drive, 89M, EV 90.0 MPH)
|
| Bottom of the 7th over - 0 runs, 0 hits, 0 errors, 0 left on base; Texas 7 - Boston 3 |
| TOP OF THE 8TH |
|
Texas Rangers batting - Pitching for Boston Red Sox : LHP Danny Schneible
|
|
Pitching: RHP Jim Whiteman
|
|
|
Batting: RHB Blake Ballard
|
0-0: Ball 1-0: Ball 2-0: Called Strike 2-1: DOUBLE (Flyball, 8LXD, EV 113.1 MPH)
|
|
Batting: RHB Chad Thompson
|
0-0: Called Strike 0-1: Ball 1-1: Swinging Strike 1-2: Ground out 6-3 (Groundball, 6, EV 99.4 MPH)
|
|
Batting: RHB Chris Torlak
|
0-0: Called Strike 0-1: Ball 1-1: Ball 2-1: Ball 3-1: Called Strike 3-2: SINGLE (Line Drive, 8LS, EV 110.0 MPH) Blake Ballard to third
|
|
Batting: SHB Alvare Bairro
|
0-0: Ball 1-0: Ball Chris Torlak steals 2nd base 2-0: Called Strike 2-1: Foul Ball, location: 2F 2-2: Foul Ball, location: 2F 2-2: Foul Ball, location: 2F 2-2: Ball 3-2: Strikes out swinging
|
|
Pitching: RHP Jaime Dunning
|
|
|
Batting: LHB Sean Geisler
|
0-0: Called Strike 0-1: Ball 1-1: Called Strike 1-2: Ball 2-2: Ball 3-2: Base on Balls
|
|
Batting: RHB Butch Kaiser
|
0-0: Ball 1-0: Called Strike 1-1: Ball 2-1: Foul Ball, location: 2F 2-2: SINGLE (Groundball, 56S, EV 68.8 MPH) (infield hit) Blake Ballard scores Chris Torlak to third Sean Geisler to second
|
|
Batting: SHB John Giesbrecht
|
0-0: Swinging Strike 0-1: Swinging Strike 0-2: Foul Ball, location: 2F 0-2: Foul Ball, location: 2F 0-2: Ball 1-2: Ball 2-2: Ball 3-2: Strikes out looking
|
| Top of the 8th over - 1 run, 3 hits, 0 errors, 3 left on base; Texas 8 - Boston 3 |
| BOTTOM OF THE 8TH |
|
Boston Red Sox batting - Pitching for Texas Rangers : RHP Kelly Goosecock
|
|
Batting: LHB Shoichi Aso
|
0-0: Called Strike 0-1: Ball 1-1: Ball 2-1: SINGLE (Line Drive, 8RS, EV 96.2 MPH)
|
|
Pitching: RHP Brad Kramer
|
|
|
Batting: LHB Jarrett Mordecai
|
0-0: Ball 1-0: Grounds out, U3 (Groundball, 3L, EV 99.4 MPH)
|
|
Batting: RHB David Price Jr.
|
0-0: Ball 1-0: Ball 2-0: Called Strike 2-1: Foul Ball, location: 2F 2-2: Strikes out swinging
|
|
Batting: RHB Nick Esteves
|
0-0: Foul Ball, location: 2F 0-1: Foul Ball, location: 2F 0-2: Fly out, F8 (Flyball, 78M, EV 91.9 MPH)
|
| Bottom of the 8th over - 0 runs, 1 hit, 0 errors, 1 left on base; Texas 8 - Boston 3 |
| TOP OF THE 9TH |
|
Texas Rangers batting - Pitching for Boston Red Sox : RHP Jaime Dunning
|
|
Batting: SHB Addick de Vries
|
0-0: Ball 1-0: Foul Ball, location: 2F 1-1: Ball 2-1: Called Strike 2-2: Foul Ball, location: 2F 2-2: Strikes out swinging
|
|
Batting: LHB Andy Bowman
|
0-0: Ball 1-0: DOUBLE (Line Drive, 7LM, EV 100.0 MPH)
|
|
Batting: RHB Blake Ballard
|
0-0: Called Strike 0-1: Ball 1-1: Swinging Strike 1-2: Ball 2-2: Strikes out looking
|
|
Pitching: RHP Guadalupe Vasguez
|
|
|
Batting: RHB Chad Thompson
|
0-0: Ball 1-0: SINGLE (Groundball, 5S, EV 70.6 MPH) (infield hit) Andy Bowman to third
|
|
Batting: RHB Chris Torlak
|
0-0: Ball 1-0: Foul Ball, location: 2F 1-1: Ball 2-1: Swinging Strike 2-2: Strikes out swinging
|
| Top of the 9th over - 0 runs, 2 hits, 0 errors, 2 left on base; Texas 8 - Boston 3 |
| BOTTOM OF THE 9TH |
|
Boston Red Sox batting - Pitching for Texas Rangers : RHP Brad Kramer
|
|
Batting: SHB Marvin Lawrence
|
0-0: Called Strike 0-1: Called Strike 0-2: Ball 1-2: Ball 2-2: Ground out 1-3 (Groundball, 13S, EV 69.4 MPH)
|
|
Batting: LHB Zack Guillen
|
0-0: Ball 1-0: Fly out, F7 (Flyball, 7LMF, EV 94.4 MPH)
|
|
Batting: SHB Willie Koviak
|
0-0: Ball 1-0: Fly out, F9 (Flyball, 89M, EV 94.4 MPH)
|
| Bottom of the 9th over - 0 runs, 0 hits, 0 errors, 0 left on base; Texas 8 - Boston 3 |
|